 Dungeon Crawl Stone Soup version 0.22-a0-369-gc73351f (webtiles) character file.

6253 George the Carver (level 10, -5/88 HPs)
             Began as a Minotaur Fighter on Apr 24, 2018.
             Was a High Priest of Okawaru.
             Killed from afar by a guardian serpent (9 damage)
             ... with a bolt of poison
             ... on level 9 of the Dungeon.
             The game lasted 00:11:00 (5798 turns).

George the Carver (Minotaur Fighter)                Turns: 5798, Time: 00:11:01

Health: -5/88      AC: 12    Str: 23    XL:     10   Next: 62%
Magic:  13/13      EV:  9    Int:  5    God:    Okawaru [*****.]
Gold:   335        SH: 11    Dex: 11    Spells: 9/9 levels left

rFire    . . .     SeeInvis .   u - +2 falchion (drain)
rCold    . . .     Gourm    .   c - +0 shield
rNeg     + . .     Faith    .   a - +0 chain mail
rPois    .         Spirit   .   (helmet restricted)
rElec    .         Reflect  .   (no cloak)
rCorr    .         Harm     .   o - +0 pair of gloves
MR       .....                  (no boots)
Stlth    ..........             q - amulet of regeneration
HPRegen  0.64/turn              n - ring of positive energy
MPRegen  0.13/turn              (no ring)

@: lethally poisoned (-5 -> -11), slowed, very slow
A: retaliatory headbutt, horns 2
a: Heroism, Finesse, Renounce Religion


You were on level 9 of the Dungeon.
You worshipped Okawaru.
Okawaru was extremely pleased with you.
You were not hungry.

You visited 2 branches of the dungeon, and saw 10 of its levels.

You collected 335 gold pieces.

Inventory:

Hand Weapons
 u - a +2 falchion of draining (weapon)
 D - a cursed -2 short sword
Armour
 a - a +0 chain mail (worn)
 c - a +0 shield (worn)
 o - a +0 pair of gloves (worn)
Jewellery
 n - a ring of positive energy (left hand)
 q - an amulet of regeneration (around neck)
Wands
 b - a wand of random effects (20)
 v - a wand of acid (4)
 y - a wand of flame (27)
 A - a wand of clouds (4)
 B - a wand of iceblast (9)
Scrolls
 g - 4 scrolls of amnesia {unknown}
 h - 4 scrolls of identify
 i - 2 scrolls of immolation
 k - 7 scrolls of teleportation {unknown}
 m - 7 scrolls of remove curse
 p - a scroll of magic mapping {unknown}
 r - 3 scrolls of random uselessness {unknown}
 s - 2 scrolls of enchant weapon {unknown}
 x - a scroll of fear {unknown}
 C - 2 scrolls of holy word {unknown}
Potions
 d - a potion of might
 e - 3 potions of agility
 j - a potion of brilliance
 l - 4 potions of curing
 w - a potion of mutation {unknown}
 z - a potion of flight {unknown}
Comestibles
 f - 18 rations
 t - 3 chunks of flesh


   Skills:
 + Level 7.9 Fighting
 + Level 11.3 Long Blades
 + Level 7.9 Armour
 + Level 6.3 Dodging
 + Level 8.0 Shields
 + Level 5.6 Invocations


You had 9 spell levels left.
You didn't know any spells.

Dungeon Overview and Level Annotations

Branches:
Dungeon (9/15)             Temple (1/1) D:5
   Lair: D:8-11         Orc: D:9-12

Altars:
Ashenzari
Cheibriados
Dithmenos
Elyvilon
Fedhas
Gozag
Hepliaklqana
Kikubaaqudgha
Makhleb
Nemelex Xobeh
Okawaru
Qazlal
Ru
Sif Muna
Trog
Uskayaw
Vehumet
Wu Jian
Xom
Yredelemnul
Zin
The Shining One

Annotations:
D:9 Prince Ribbit


Innate Abilities, Weirdness & Mutations

You reflexively headbutt those who attack you in melee.
You have a pair of horns on your head.


Message History

You are lethally poisoned!
* * * LOW HITPOINT WARNING * * *
The guardian serpent closely misses you.
You furiously retaliate!
You headbutt the guardian serpent, but do no damage.
You feel better.
You block the guardian serpent's attack.
The guardian serpent coils itself and waves its upper body at you.
The bolt of poison hits you!
You are poisoned.
* * * LOW HITPOINT WARNING * * *
You hit the guardian serpent but do no damage.
You drain the guardian serpent!
The guardian serpent is almost dead.
You feel sick.
The guardian serpent hits you but does no damage.
The guardian serpent coils itself and waves its upper body at you.
The bolt of poison hits you!
You are lethally poisoned!
You die...

#....# #....#
###....#
###......###
..........
.###......#
..........##.###
#......<...
#<#@######
#.#S.# ..#..+
.###..# .. #^.#
## #.## #.# #.#


You could see a guardian serpent.

Vanquished Creatures
  A two-headed ogre (D:8)
  The ghost of Thaneod the Cleaver, a novice BaBe of Trog (D:7)
  The ghost of George the Carver, a novice MiFi (D:5)
  Pikel (D:7)
  2 water moccasins
  3 black bears
  An orc warrior (D:8)
  3 sky beasts
  A slave (D:7)
  3 phantoms
  4 ice beasts
  3 ogres
  A necrophage (D:8)
  6 centaurs
  5 bullfrogs
  A gnoll sergeant (D:7)
  A scorpion (D:4)
  8 howler monkeys
  5 wights (D:8)
  A crimson imp (D:6)
  A bullfrog zombie (D:5)
  5 hounds
  3 jellies
  A bullfrog skeleton (D:9)
  A centaur zombie (D:6)
  An orc priest (D:5)
  A centaur skeleton (D:4)
  5 worker ants
  3 orc wizards
  A hound zombie (D:5)
  Robin (D:3)
  9 adders
  11 gnolls
  2 shadow imps
  An ooze (D:3)
  3 worms
  2 dart slugs
  2 leopard geckos
  27 orcs
  8 giant cockroaches
  13 goblins
  11 hobgoblins
  19 jackals
  3 quokkas
  2 ball pythons
  7 bats
  2 frilled lizards (D:3)
  12 kobolds
  10 rats
219 creatures vanquished.

Vanquished Creatures (others)
  A slave (D:7)
  A bullfrog (D:7)
  An adder (D:7)
  3 hobgoblins (D:7)
6 creatures vanquished.

Grand Total: 225 creatures vanquished

Notes
Turn   | Place    | Note
-------+----------+-------------------------------------------
     0 | D:1      | George the Minotaur Fighter began the quest for the Orb.
     0 | D:1      | Reached XP level 1. HP: 19/19 MP: 0/0
     7 | D:1      | Noticed a killer bee
     7 | D:1      | Noticed a polar bear
     7 | D:1      | Noticed an anaconda
     7 | D:1      | Noticed a wolf
    49 | D:1      | Reached skill level 3 in Long Blades
    49 | D:1      | Reached XP level 2. HP: 22/26 MP: 1/1
   135 | D:1      | Reached skill level 4 in Long Blades
   403 | D:1      | Reached XP level 3. HP: 30/31 MP: 2/2
   532 | D:2      | Reached skill level 5 in Long Blades
   631 | D:2      | Reached XP level 4. HP: 34/39 MP: 3/3
   672 | D:2      | Reached skill level 6 in Long Blades
   963 | D:2      | Found an ornate altar of the Wu Jian Council.
  1090 | D:3      | Reached XP level 5. HP: 42/45 MP: 4/4
  1092 | D:3      | Noticed Robin
  1132 | D:3      | Killed Robin
  1316 | D:3      | Reached skill level 7 in Long Blades
  1597 | D:3      | Reached XP level 6. HP: 51/51 MP: 5/5
  1714 | D:4      | Reached skill level 8 in Long Blades
  2169 | D:4      | Reached skill level 9 in Long Blades
  2287 | D:5      | Entered Level 5 of the Dungeon
  2355 | D:5      | Found a staircase to the Ecumenical Temple.
  2430 | Temple   | Entered the Ecumenical Temple
  2473 | Temple   | Became a worshipper of Warmaster Okawaru
  2640 | D:5      | Noticed George's ghost (novice MiFi)
  2672 | D:5      | Killed George's ghost
  2672 | D:5      | Reached * piety under Okawaru
  2672 | D:5      | Reached skill level 1 in Dodging
  2672 | D:5      | Reached skill level 1 in Invocations
  2672 | D:5      | Reached XP level 7. HP: 38/60 MP: 5/7
  2742 | D:5      | Reached XP level 8. HP: 52/67 MP: 8/8
  3450 | D:5      | Found a stormy altar of Qazlal.
  3650 | D:6      | Reached skill level 5 in Shields
  3658 | D:6      | Reached skill level 5 in Fighting
  3658 | D:6      | Reached skill level 5 in Armour
  3707 | D:6      | Reached ** piety under Okawaru
  3735 | D:6      | Reached skill level 10 in Long Blades
  3973 | D:6      | Reached XP level 9. HP: 72/75 MP: 10/10
  4157 | D:7      | Noticed Pikel
  4175 | D:7      | Killed Pikel
  4297 | D:7      | Reached *** piety under Okawaru
  4442 | D:7      | Reached skill level 5 in Dodging
  4579 | D:7      | Noticed Thaneod's ghost (novice BaBe)
  4580 | D:7      | Reached **** piety under Okawaru
  4600 | D:7      | Killed Thaneod's ghost
  4600 | D:7      | Reached XP level 10. HP: 28/86 MP: 12/12
  5163 | D:8      | Reached skill level 11 in Long Blades
  5163 | D:8      | Reached skill level 5 in Invocations
  5310 | D:8      | Reached ***** piety under Okawaru
  5714 | D:9      | Noticed Prince Ribbit
  5725 | D:9      | Noticed a two-headed ogre
  5729 | D:9      | Noticed a six-headed hydra
  5750 | D:8      | Killed a two-headed ogre
  5786 | D:9      | Noticed a guardian serpent
  5798 | D:9      | HP: 4/88 [poisoned by a guardian serpent (bolt of poison)]
  5798 | D:9      | Killed from afar by a guardian serpent

Vault maps used:
D:1:      onia_arrival_zoo_common, hangedman_abyss_or_decor_stabs,
          lemuel_old_faithful
D:2:      lemuel_round_altar, kennysheep_generic_room_11
D:3:      first_ration, uniq_robin
D:5:      minmay_temple_entry_junction_2, basic_altar
D:7:      corexii_shack_village, uniq_pikel
D:9:      nrook_guardian_serpent_snake_passage, david_orc_2, serial_shops, shop,
          uniq_prince_ribbit1
Temple:   minmay_crystal_snake_temple

Skill      XL: |  1  2  3  4  5  6  7  8  9 10 |
---------------+-------------------------------+-----
Long Blades    | 3 4 5 6 7 9 10 11 | 11.3
Fighting       | 4 5 7 |  7.9
Armour         | 4 5 7 |  7.9
Dodging        | 1 2 3 5 6 |  6.3
Shields        | 4 5 7 8 |  8.0
Invocations    | 1 3 4 5 |  5.6

Action                   |  1- 3 |  4- 6 |  7- 9 | 10-12 || total
-------------------------+-------+-------+-------+-------++-------
Melee: Long sword        |    79 |   134 |       |       ||   213
       Headbutt          |    14 |    29 |    49 |    37 ||   129
       Falchion          |       |    61 |   268 |   129 ||   458
  Use: Scroll            |       |       |     7 |       ||     7
       Potion            |       |       |       |     1 ||     1
  Eat: Chunk             |       |     5 |     4 |     4 ||    13
       Ration            |       |       |     1 |       ||     1
Armor: Scale mail        |    45 |    66 |       |       ||   111
       Chain mail        |       |    19 |    90 |    54 ||   163
Dodge: Dodged            |    28 |    60 |    51 |    47 ||   186
Block: Shield            |    51 |   110 |   103 |    80 ||   344
       Rpst.: Long sword |     9 |    10 |       |       ||    19
       Falchion          |       |     4 |    13 |    14 ||    31

Table legend:
 A = Spawn XP
 B = Non-spawn XP
 C = Spawn XP percentage of total XP
 D = Spawn monster count
 E = Non-spawn monster count
 F = Spawn count percentage of total count
 G = Total turns spent on level
                    A         B        C        D         E        F      G
               +---------+---------+-------+---------+---------+-------+---------
         Total |       0 |    8934 |   0.0 |       0 |     218 |   0.0 |  5798
               +---------+---------+-------+---------+---------+-------+---------
           D:1 |       0 |      49 |   0.0 |       0 |      21 |   0.0 |   454
           D:2 |       0 |     138 |   0.0 |       0 |      24 |   0.0 |   629
           D:3 |       0 |     202 |   0.0 |       0 |      50 |   0.0 |   606
           D:4 |       0 |     313 |   0.0 |       0 |      16 |   0.0 |   598
           D:5 |       0 |    1011 |   0.0 |       0 |      18 |   0.0 |  1176
           D:6 |       0 |    1245 |   0.0 |       0 |      22 |   0.0 |   473
           D:7 |       0 |    3208 |   0.0 |       0 |      33 |   0.0 |  1008
           D:8 |       0 |    2522 |   0.0 |       0 |      30 |   0.0 |   639
           D:9 |       0 |     246 |   0.0 |       0 |       4 |   0.0 |    33
               +---------+---------+-------+---------+---------+-------+---------
